 Dungeon Crawl Stone Soup version 0.21.0-34-g9234887 (webtiles) character file.

262 TBG123 the Covered (level 5, -3/47 HPs)
             Began as a Minotaur Fighter on Jan 29, 2018.
             Was a Believer of Wu Jian.
             Killed from afar by an electric eel (15 damage)
             ... with a bolt of electricity
             ... on level 5 of the Dungeon.
             The game lasted 00:14:50 (3667 turns).

TBG123 the Covered (Minotaur Fighter)               Turns: 3667, Time: 00:14:51

Health: -3/47      AC:  6    Str: 22    XL:     5   Next: 97%
Magic:  4/4        EV:  9    Int:  5    God:    Wu Jian [**....]
Gold:   164        SH: 10    Dex:  9    Spells: 4/4 levels left

rFire    . . .     SeeInvis .   n - -2 hand axe (curse)
rCold    . . .     Gourm    .   c - +0 shield
rNeg     . . .     Faith    .   u - +0 ring mail
rPois    +         Spirit   .   (helmet restricted)
rElec    .         Reflect  .   (no cloak)
rCorr    .         Harm     .   (no gloves)
MR       .....                  (no boots)
Stlth    +.........             (no amulet)
HPRegen  0.15/turn              l - ring of wizardry
MPRegen  0.09/turn              B - ring of poison resistance

@: no status effects
A: retaliatory headbutt, horns 2
a: Wall Jump, Renounce Religion


You were on level 5 of the Dungeon.
You worshipped Wu Jian.
Wu Jian was pleased with you.
You were not hungry.

You visited 1 branch of the dungeon, and saw 5 of its levels.

You collected 164 gold pieces.

Inventory:

Hand Weapons
 a - a +1 war axe
 n - a cursed -2 hand axe (weapon)
 x - a +0 flail
 C - a +0 mace
Armour
 b - a +0 scale mail
 c - a +0 shield (worn)
 f - a +0 leather armour
 g - a +0 ring mail
 t - a +0 buckler
 u - a +0 ring mail (worn)
 v - a +0 scale mail
 w - a +0 helmet
 y - a +0 ring mail
 G - a +0 chain mail
Jewellery
 l - a ring of wizardry (left hand)
 B - a ring of poison resistance (right hand)
Wands
 A - a wand of disintegration (18)
 D - a wand of iceblast (6)
Scrolls
 m - 4 scrolls of magic mapping {unknown}
 o - a scroll of enchant armour {unknown}
 p - a scroll of remove curse {unknown}
 r - 3 scrolls of teleportation {unknown}
 F - a scroll of amnesia {unknown}
Potions
 d - a potion of might
 e - a potion of curing {unknown}
 h - a potion of flight {unknown}
 i - a potion of heal wounds {unknown}
 k - a potion of brilliance {unknown}
 q - a potion of magic {unknown}
 s - a potion of lignification {unknown}
 z - 2 potions of resistance {unknown}
 E - a potion of ambrosia {unknown}
Comestibles
 j - 4 rations


   Skills:
 + Level 4.5 Fighting
 + Level 4.2 Axes
 + Level 5.2 Armour
 + Level 1.1 Dodging
 + Level 0.6 Stealth
 + Level 5.1 Shields


You had 4 spell levels left.
You didn't know any spells.

Dungeon Overview and Level Annotations

Branches:
Dungeon (5/15)
 Temple: D:4-7

Altars:
Okawaru
Wu Jian


Innate Abilities, Weirdness & Mutations

You reflexively headbutt those who attack you in melee.
You have a pair of horns on your head.


Message History

Splash!
You fall into the shallow water.
Moving in this stuff is going to be slow.
Splash!
You fall into the shallow water.
Moving in this stuff is going to be slow.
You have no room to wall jump there.
You open the door.
The electric eel shoots out a bolt of lightning at you!
The bolt of electricity hits the plant.
The bolt of electricity hits you!
The electric eel shoots out a bolt of lightning at you!
The bolt of electricity hits you!
There is an open door here.
The electric eel shoots out a bolt of lightning at you!
The bolt of electricity hits the plant.
The bolt of electricity hits you!
The electric eel shoots out a bolt of lightning at you!
The bolt of electricity hits you!
* * * LOW HITPOINT WARNING * * *
The electric eel shoots out a bolt of lightning at you!
The bolt of electricity hits you!
You die...

##########
##...≈≈≈≈≈##
##≈########.##
#≈##..P(.≈##.#
#≈#...PP(≈≈#.#
#≈#..@..$;≈#.#
#.#'..≈P.≈;#.#
#..#..P.;≈##≈##
##≈##########≈##
. #≈≈# ...?≈##≈#
.. ##≈#
.≈.≈≈;#.# ...
#######.#
..P≈:;#.# ...
#.....#.#
..≈.≈;#.# ..
#....<#..
.P/:≈##'#.#


You could see 3 electric eels.

Vanquished Creatures
  A crimson imp (D:5)
  An orc priest (D:4)
  Ijyb (D:3)
  2 gnolls (D:2)
  4 adders
  3 oozes
  An adder zombie (D:5)
  A worm (D:2)
  3 dart slugs
  2 leopard geckos (D:1)
  6 orcs
  A ball python (D:2)
  4 giant cockroaches
  14 goblins
  10 hobgoblins
  5 jackals
  7 kobolds
  2 quokkas
  8 bats
  3 frilled lizards
  5 rats
84 creatures vanquished.

Notes
Turn   | Place    | Note
-------+----------+-------------------------------------------
     0 | D:1      | TBG123 the Minotaur Fighter began the quest for the Orb.
     0 | D:1      | Reached XP level 1. HP: 19/19 MP: 0/0
   104 | D:1      | Reached XP level 2. HP: 26/27 MP: 1/1
  1934 | D:1      | Reached XP level 3. HP: 33/33 MP: 2/2
  2146 | D:2      | Found an ornate altar of the Wu Jian Council.
  2165 | D:2      | Became a worshipper of the Wu Jian Council
  2787 | D:2      | Reached XP level 4. HP: 36/40 MP: 3/3
  2938 | D:2      | Reached * piety under Wu Jian
  2952 | D:2      | Found an iron altar of Okawaru.
  3285 | D:3      | Noticed Ijyb
  3287 | D:3      | Reached skill level 5 in Armour
  3293 | D:3      | Reached XP level 5. HP: 37/46 MP: 4/4
  3301 | D:3      | Killed Ijyb
  3526 | D:4      | Reached skill level 5 in Shields
  3530 | D:4      | Reached skill level 1 in Dodging
  3545 | D:5      | Entered Level 5 of the Dungeon
  3559 | D:5      | Reached ** piety under Wu Jian
  3667 | D:5      | Killed from afar by an electric eel

Skill      XL: |  1  2  3  4  5 |
---------------+----------------+-----
Armour         | 4 5 |  5.2
Shields        | 4 5 |  5.1
Axes           | 3 4 |  4.2
Fighting       | 4 |  4.5
Dodging        | 1 |  1.1
Stealth        | |  0.6

Action                   |  1- 3 |  4- 6 || total
-------------------------+-------+-------++-------
Melee: War axe           |    13 |       ||    13
       Headbutt          |    14 |    16 ||    30
       Hand axe          |    85 |   123 ||   208
Invok: Lunge             |     5 |     9 ||    14
       Whirlwind         |       |    10 ||    10
       Wall Jump         |       |    14 ||    14
  Use: Scroll            |       |     1 ||     1
  Eat: Ration            |     1 |     1 ||     2
       Chunk             |     1 |     3 ||     4
Armor: Scale mail        |    30 |       ||    30
       Ring mail         |    13 |    44 ||    57
Dodge: Dodged            |    37 |    43 ||    80
Block: Shield            |    53 |    72 ||   125
